 Dungeon Crawl Stone Soup version 0.21-a0-414-gba8bdf1 (webtiles) character file.

219 slep the Slasher (level 5, -5/41 HPs)
             Began as a Demonspawn Gladiator on Nov 3, 2017.
             Slain by a hobgoblin (7 damage)
             ... led by Robin
             ... on level 4 of the Dungeon.
             The game lasted 00:13:40 (2852 turns).

slep the Slasher (Demonspawn Gladiator)             Turns: 2852, Time: 00:13:41

Health: -5/41      AC:  4    Str: 13 (14) XL:     5   Next: 64%
Magic:  5/5        EV: 19    Int:  7 (9)  God:
Gold:   153        SH:  0    Dex: 20 (21) Spells: 4/4 levels left

rFire    . . .     SeeInvis .   a - +0 long sword
rCold    . . .     Gourm    .   (no shield)
rNeg     . . .     Faith    .   b - +0 leather armour
rPois    .         Spirit   .   (helmet restricted)
rElec    .         Reflect  .   (no cloak)
rCorr    .         Harm     .   k - +0 pair of gloves
MR       .....     Rnd*Tele +   (no boots)
Stlth    +++.......             (no amulet)
HPRegen  0.13/turn              w - ring of teleportation (curse)
MPRegen  0.09/turn              (no ring)

@: agile
A: antennae 1, powered by pain 1
a: no special abilities


You were on level 4 of the Dungeon.
You were not hungry.

You visited 1 branch of the dungeon, and saw 4 of its levels.

You collected 153 gold pieces.

Inventory:

Hand Weapons
 a - a +0 long sword (weapon)
 i - a +0 spear of venom
Missiles
 d - 3 throwing nets (quivered)
 e - 19 tomahawks
Armour
 b - a +0 leather armour (worn)
 c - a +0 helmet
 k - a +0 pair of gloves (worn)
Jewellery
 w - a cursed ring of teleportation (left hand)
Wands
 t - a wand of paralysis (9/24)
Scrolls
 h - 4 scrolls of identify {unknown}
 j - a scroll of magic mapping {unknown}
 m - 5 scrolls of remove curse {unknown}
 p - a scroll of fog {unknown}
 q - a scroll of blinking {unknown}
 r - 2 scrolls of teleportation {unknown}
 y - 2 scrolls of enchant armour {unknown}
Potions
 l - a potion of degeneration
 u - a potion of invisibility
 x - 2 potions of curing {unknown}
 z - a potion of lignification {unknown}
Books
 A - a book of Misfortune

   Spells                             Type                      Level
   a - Confusing Touch                Hexes                        1
   b - Confuse                        Hexes                        3
   c - Gell's Gravitas                Translocation                3
   d - Petrify                        Transmutation/Earth          4
   e - Metabolic Englaciation         Hexes/Ice                    5
   f - Yara's Violent Unravelling     Hexes/Transmutation          5
Comestibles
 f - 4 bread rations
 g - 2 royal jellies
 n - 4 meat rations
 o - a chunk of flesh


   Skills:
 + Level 3.0 Fighting
 + Level 4.3 Long Blades
 + Level 1.7 Throwing
 + Level 1.7 Armour
 + Level 3.5 Dodging
 + Level 0.5 Stealth


You had 4 spell levels left.
You didn't know any spells.

Dungeon Overview and Level Annotations

Branches:
Dungeon (4/15)
 Temple: D:4-7

Altars:
Cheibriados
Makhleb
Wu Jian

Shops:
D:4 (

Annotations:
D:4 Robin


Innate Abilities, Weirdness & Mutations

You have a pair of small antennae on your head.
You sometimes gain a little power by taking damage.


Message History

Robin misses you.
You completely miss Robin.
Robin is heavily wounded.
The hobgoblin hits you.
* * * LOW HITPOINT WARNING * * *
Robin barely misses you.
You hit Robin.
Robin is heavily wounded.
The hobgoblin barely misses you. Robin closely misses you.
You hit Robin.
Robin is almost dead.
The hobgoblin barely misses you.
You riposte.
You hit the hobgoblin.
The hobgoblin is almost dead.
Robin barely misses you.
You riposte.
You hit Robin but do no damage.
Robin is almost dead.
The hobgoblin barely misses you.
You hit Robin.
Robin is almost dead.
Robin closely misses you. The hobgoblin hits you!
You die...

#.# ♣.♣ #.#
#.#♣♣.♣♣#.#
#.'.._..'.#
###♣♣.♣♣###
♣.♣ ##'# #..#
# #.## #.g
######@#
#g_g.##..)ggg#
........######
#########


You could see Robin and 2 hobgoblins.

Vanquished Creatures
  An orc priest (D:3)
  2 orc wizards
  3 adders
  2 oozes
  2 worms
  3 dart slugs
  A leopard gecko (D:1)
  7 orcs
  A ball python (D:1)
  8 bats
  3 giant cockroaches
  7 hobgoblins
  6 jackals
  6 kobolds
  2 quokkas
  3 frilled lizards (D:2)
  19 goblins
  3 rats
79 creatures vanquished.

Vanquished Creatures (others)
  2 jackals (D:3)
2 creatures vanquished.

Grand Total: 81 creatures vanquished

Notes
Turn   | Place    | Note
-------+----------+-------------------------------------------
     0 | D:1      | slep the Demonspawn Gladiator began the quest for the Orb.
     0 | D:1      | Reached XP level 1. HP: 16/16 MP: 1/1
   146 | D:1      | Reached skill level 3 in Long Blades
   150 | D:1      | Gained mutation: You have a pair of small antennae on your head. [demonic ancestry]
   150 | D:1      | Reached XP level 2. HP: 14/22 MP: 2/2
   645 | D:2      | Reached XP level 3. HP: 24/27 MP: 3/3
  1571 | D:3      | Reached skill level 1 in Armour
  1571 | D:3      | Gained mutation: You sometimes gain a little power by taking damage. [demonic ancestry]
  1571 | D:3      | Reached XP level 4. HP: 5/34 MP: 4/4
  1949 | D:3      | Found a snail-covered altar of Cheibriados.
  1961 | D:3      | Reached skill level 4 in Long Blades
  2130 | D:3      | Reached XP level 5. HP: 17/39 MP: 5/5
  2158 | D:3      | HP: 1/39 [orc/tomahawk (2)]
  2729 | D:4      | Found Tafeuts's Weapon Emporium.
  2769 | D:4      | Found an ornate altar of the Wu Jian Council.
  2797 | D:4      | Noticed Robin
  2798 | D:4      | Found a burning altar of Makhleb.
  2849 | D:4      | HP: 1/41 [hobgoblin[Robin] (3)]
  2852 | D:4      | Slain by a hobgoblin

Vault maps used:
D:1:      dpeg_arrival_tiny_f
D:2:      grunt_ministairs_14, minmay_misc_feat_four_crosses, amethyst_killhole,
          minmay_misc_feat_columns, st_stairs_11
D:3:      wad_lake_hut, kennysheep_slug_shrine, minmay_crystal_room,
          kennysheep_generic_room_15
D:4:      wad_river_or_something, kennysheep_little_box, bloody_makhleb,
          serial_shops, nicolae_shop_behind_doors, first_bread,
          nicolae_qazlal_eye_of_the_storm, uniq_eustachio, uniq_pikel,
          uniq_robin

Skill      XL: |  1  2  3  4  5 |
---------------+----------------+-----
Long Blades    | 3 4 |  4.3
Dodging        | 3 |  3.5
Armour         | 1 |  1.7
Fighting       | 3 |  3.0
Throwing       | |  1.7
Stealth        | |  0.5

Action                   |  1- 3 |  4- 6 || total
-------------------------+-------+-------++-------
Melee: Long sword        |   141 |   149 ||   290
  Use: Potion            |     1 |     5 ||     6
 Stab: Sleeping          |     1 |       ||     1
       Invisible         |       |     1 ||     1
  Eat: Chunk             |     2 |     5 ||     7
Armor: Leather armour    |    49 |    37 ||    86
Dodge: Dodged            |   121 |   120 ||   241
       Rpst.: Long sword |    42 |    26 ||    68

Table legend:
 A = Spawn XP
 B = Non-spawn XP
 C = Spawn XP percentage of total XP
 D = Spawn monster count
 E = Non-spawn monster count
 F = Spawn count percentage of total count
 G = Total turns spent on level
                    A         B        C        D         E        F      G
               +---------+---------+-------+---------+---------+-------+---------
         Total |       0 |     314 |   0.0 |       0 |      79 |   0.0 |  2852
               +---------+---------+-------+---------+---------+-------+---------
           D:1 |       0 |      38 |   0.0 |       0 |      18 |   0.0 |   556
           D:2 |       0 |      39 |   0.0 |       0 |      20 |   0.0 |   819
           D:3 |       0 |     152 |   0.0 |       0 |      23 |   0.0 |  1245
           D:4 |       0 |      85 |   0.0 |       0 |      18 |   0.0 |   232
               +---------+---------+-------+---------+---------+-------+---------
